[Event "44th Chess Olympiad Open 2022"]
[Site "Chennai"]
[Date "2022.07.30"]
[Round "2.6"]
[White "Guseinov, Gadir"]
[Black "Barcenilla, Rogelio"]
[Result "1-0"]
[WhiteElo "2668"]
[BlackElo "2463"]
[Annotator "TA"]
[PlyCount "75"]
[EventDate "2022.??.??"]
[TimeControl "60"]

1. e4 e5 2. Nf3 Nc6 3. Bb5 a6 4. Ba4 Nf6 5. O-O b5 6. Bb3 Be7 7. d3 d6 8. a3 O-O 9. Nc3 Bg4 10. Be3 Na5 {[%emt 0:05:41] C84: Closed Ruy Lopez: Unusual White 6th moves.}
11. Ba2 c5 12. Nd5 Nc6 {
[%emt 0:02:48] White is slightly better.} 13. c3 Be6 {[%emt 0:
13:59] [#]} 14. b4 $146 ({Predecessor:} 14. Nxf6+ Bxf6 15. b4
cxb4 16. axb4 Bg4 17. h3 Bh5 18. Bd5 Qc8 19. Kh2 a5 20. bxa5 Rxa5 21. Bxc6 Rxa1
22. Qxa1 Qxc6 {0-1 (36) Weide,S-Dernbecher,K freechess.de 2016}) 14... Nd7 15. a4 cxb4 16. cxb4 Rb8 17. axb5 (17. Bd2 $14)
17... axb5 (17... Rxb5 $11 18. d4 (18. Nxe7+ Qxe7 19. Bc4 Rb7
$11) 18... Bxd5 19. Bxd5 Nxb4) 18. Qd2 $16 {[%emt 0:03:02] White now steadily
converts the win.} Bf6 19. Rfc1 {[%emt 0:11:59] 0x0.
0013b9ed405cdp-1022s more active pieces.} Ne7 (19... Rc8 $16 {
was worth a try.} 20. h3 Bxd5) 20. Nxf6+ $18 gxf6 21. Bxe6 fxe6 22. Ra6 Nc8 23. Qa2 Re8 24. Nd2 Ndb6 25. Nb3 Na4 $2 (25... Kh8 26. Na5 Qd7
) 26. Na5 {[%emt 0:00:52] [#] Black must now prevent Nc6.} Qd7 27. Rac6 {[%emt 0:00:28] Threatens to win with Rc7.} Qf7 28.
Rc7 Qf8 (28... Qh5 29. f4 exf4) 29. Qe2 {
[%emt 0:10:12] Nc6 is the strong threat.} ({Less strong is} 29. Rxc8 Rexc8 30.
Qxe6+ Kh8 $11) 29... Nab6 (29... Re7 $142 30. Qg4+ Kh8 31.
Rxe7 Nxe7 32. Qxe6 Ng8) 30. Nc6 Ne7 31. Nxb8 Rxb8 32. Qg4+ Kf7 33. Qh5+ Kg8 34. Bxb6 Rxb6 {[%emt 0:00:13] [#]} 35. Rxe7 $1 {[%emt 0:00:07] White mates.} Qxe7 36. Rc8+ Kg7 37. Qg4+ Kh6 38. Rg8 {[%emt 0:00:06] Weighted Error
Value: White=0.06 (flawless) /Black=0.74} 1-0

[Event "44th Chess Olympiad Open 2022"]
[Site "Chennai"]
[Date "2022.07.30"]
[Round "2.6"]
[White "Abasov, Nijat"]
[Black "Bersamina, Paulo"]
[Result "1-0"]
[WhiteElo "2633"]
[BlackElo "2429"]
[Annotator "TA"]
[PlyCount "81"]
[EventDate "2022.??.??"]
[TimeControl "60"]

1. e4 e5 2. Nf3 Nc6 3. Bb5 a6 4. Ba4 Nf6 5. O-O Be7 6. Re1 b5 7. Bb3 O-O 8. a4 Bb7 9. d3 d6 10. Bd2 Qd7 11. Nc3 Na5 12. Ba2 c5 {[%emt 0:05:02] C88: Closed Ruy Lopez: Anti-Marshall Systems.} 13.
Ne2 b4 14. Ng3 Bd8 {[%emt 0:
00:40] [#] The position is equal.} (14... Rab8 {keeps more tension.} 15. Nf5
Bd8 16. Re3 g6) 15. c3 $146 ({Predecessor:} 15. Nf5 Rb8 16.
Bh6 gxh6 17. Qd2 c4 18. Qxh6 Ne8 19. Re3 Qe6 20. Nxe5 dxe5 21. Rg3+ {½-½ (60)
Haugen,A (2550)-Moreira,J (2286) ICCF corr 2004}) 15... Nc6 16. h3 bxc3 17. bxc3 Bc8 18. Bg5 h6 19. Be3 {[%emt 0:
01:42] White is more active.} Ba5 20. Qc1 {[%emt 0:01:28]
[%cal Ye3h6] Hoping for Bxh6!} Kh7 21. Rd1 Qc7 22. d4 cxd4 23. cxd4 Nxd4 (23... Rb8 $142) 24. Nxd4 $16 Qxc1 25. Raxc1 ({But not} 25. Rdxc1
exd4 26. Bxd4 Be6 $16) 25... exd4 26. Bxd4 Bb4 (26... Be6 $16 {was worth a try.}) 27. Rc7 $1 $18 Be6 {[%emt 0:01:23] [#]} (27... Rb8 $16 28. Rxf7 (28. Bxf7 Rb7
$16) 28... Rxf7 29. Bxf7 a5) 28. Bxe6 $1 fxe6 29. Bxf6 Rxf6 30. Nh5 Rg6 {
[%emt 0:00:29] [#]} 31. f4 Rb8 32. g4 {[%emt 0:03:25] aiming for f5.} Bc5+ (32... Ba5 {
is a better defense.}) 33. Kf1 e5 $2 (33...
Bb6) 34. f5 Rg5 35. Nf6+ Kh8 36. Nd7 Re8 37. Nxc5 dxc5 38. Kg2 Rb8 39. Kg3 Rb3+ 40. Kh4 Kh7 41. Rd8 {[%emt 0:30:23] Weighted Error
Value: White=0.03 (flawless) /Black=0.47} 1-0

[Event "44th Chess Olympiad Open 2022"]
[Site "Chennai"]
[Date "2022.07.30"]
[Round "2.6"]
[White "Paragua, Mark"]
[Black "Mamedov, Rauf"]
[Result "1/2-1/2"]
[WhiteElo "2461"]
[BlackElo "2656"]
[Annotator "TA"]
[PlyCount "75"]
[EventDate "2022.??.??"]
[TimeControl "60"]

1. e4 c5 2. Nf3 Nc6 3. Bb5 g6 4. O-O Bg7 5. Re1 e5 6. Bxc6 dxc6 7. d3 Qe7 8. a3 {[%emt 0:00:09][%cal Ya2a3,Ya3a4,Ya4a5] 8.
a4 is a critical line.} Nf6 {[%emt 0:02:01][%cal Yg8f6,Yf6d7,Yd7c5] B31:
Sicilian: 2...Nc6 3 Bb5 g6.} 9. b4 O-O 10.
bxc5 Nd7 11. a4 Nxc5 12. Ba3 b6 13. Nbd2 Be6 {[%emt 0:03:16] [#]} 14. a5 $146 ({Predecessor:} 
14. Nb3 Bxb3 15. cxb3 Rfd8 16. Rc1 Bf8 17. Bxc5 bxc5 18. Rc3 Rab8 19. Qc2 f6
20. Nd2 {1-0 (49) Glek,I (2475)-Gutenev,A (2463) Chess.com INT 2020}) 14...
Rfb8 15. Qe2 Qc7 (15... bxa5
$2 16. c3 $18) 16. Ng5 h6 17. Bxc5 hxg5 18. axb6 axb6 19. Be3 Qd8 20. h3 f6 21.
Reb1 (21. Nf3 $5 ) 21... b5 22. Nb3 Bxb3 23. cxb3 Qd7 24.
Qc2 Bf8 25. Rc1 Rxa1 26. Rxa1 Rc8 27. Ra7 Rc7 28. Ra8 Rc8 29. Ra7 Rc7 30. Ra8 Rc8 31. Ra6 Bb4 32. Bc5 ({Better is} 32. Ra7 $14 Rc7 33. Ra8+ Rc8 34. Ra6
) 32... Bxc5 $11 {[%emt 0:08:34] The position is equal.} 33. Qxc5 Qxd3 {[%emt 0:02:22] KQR-KQR} 34. Ra7 Qb1+ (34... Qxe4 {is a self mate.} 35. Qe7 Qb1+ 36. Kh2) 35. Kh2 {[%emt 0:00:
06] [#] Threatening mate with Qe7.} Qxe4 36. Qe7 Qf4+ 37. Kg1 Qc1+ 38. Kh2 {[%emt 0:00:07] Weighted Error
Value: White=0.09 (flawless) /Black=0.03 (flawless)} 1/2-1/2

[Event "44th Chess Olympiad Open 2022"]
[Site "Chennai"]
[Date "2022.07.30"]
[Round "2.6"]
[White "Gomez, John Paul"]
[Black "Durarbayli, Vasif"]
[Result "1/2-1/2"]
[WhiteElo "2451"]
[BlackElo "2638"]
[Annotator "TA"]
[PlyCount "62"]
[EventDate "2022.??.??"]
[TimeControl "60"]

1. d4 d5 2. c4 c6 3. Nf3 Nf6 4. cxd5 cxd5 5. Nc3 Nc6 6. Bf4 a6 7. e3 Bg4 8. h3 Bxf3 9. Qxf3 e6 10. Bd3 Be7 11. O-O {[%emt 0:09:49] D13: Slav Defence:
Exchange variation without ...Bf5.} O-O 12. Bg5 Nd7 13. Bxe7 Qxe7 14. Rac1 Rac8 {[%emt 0:04:11] [#]} 15.
Bb1 $146 ({Predecessor:} 15. Qe2 f5 16. f4 Na5 17. b3 Qb4 18.
Qd2 Rc6 19. Nb1 Qb6 20. Rxc6 Nxc6 21. Be2 {0-1 (46) Hunt,M (2054) -Snape,I 
(2282) England 2016}) 15... f5 16. Qd1 Qb4 17. Rc2 Nb6 18. Ne2 Nc4 19. Nf4 Qe7 ({
Don't take} 19... Nxb2 20. Qf3 Rce8 21. Nxe6 Rxe6 22. Qxd5 $16) 20. Nd3 Nb4 21. Nxb4 Qxb4 22. Qe2 a5 23. Rfc1 a4 24. Rc3 Rc6 25. b3 (25. Bd3 $5 ) 25... axb3
{[%emt 0:02:00] The position is equal.} 26. Rxb3 Qe7 27. Bd3 Rfc8 28. a4 Nd6 29. Rxc6 Rxc6 30. Rb1 Qc7 31. Qb2 Kf7 {[%emt 0:02:21] An even fight not without its subleties. Weighted Error
Value: White=0.05 (flawless) /Black=0.04 (flawless)} 1/2-1/2

[Event "44th Chess Olympiad Open 2022"]
[Site "Chennai"]
[Date "2022.07.30"]
[Round "2.7"]
[White "Van Foreest, Jorden"]
[Black "Ferreira, Jorge Viterbo"]
[Result "1/2-1/2"]
[WhiteElo "2678"]
[BlackElo "2499"]
[Annotator "TA"]
[PlyCount "89"]
[EventDate "2022.??.??"]
[TimeControl "60"]

1. Nf3 d5 2. g3 Nf6 3. Bg2 e6 4. O-O Be7 5. d4 O-O 6. Bf4 {[%emt 0:01:23] D02:1 d4 d5 2 Nf3
sidelines, including 2...Nf6 3 g3 and 2...Nf6 3 Bf4.} b6 7. c4 Bb7 8. Ne5 Qc8 {[%emt 0:00:
00] was the old line (8...Nbd7).} 9. Qc2 dxc4 10. Qxc4 Bxg2 11. Kxg2 Qb7+
{[%emt 0:04:34] [#]} 12. f3 $146 ({Predecessor:} 12. Kg1 c5
13. dxc5 Rc8 14. Nc3 Rxc5 15. Qd3 g5 16. b4 Rxc3 17. Qxc3 gxf4 18. Rac1 {
½-½ (52) Kempinski,R (2600)-Yemelin,V (2558) Czech Republic 2017}) 12... Rc8 13. Nc3 c5 14. Rfd1 cxd4 15. Qxd4 Nc6 16. Nxc6 Rxc6 17. e4 b5 18. Rac1 h6 19. Ne2 Rd8 20. Qe3 (20. Rxc6 $11
Qxc6 21. Qc3 Qxc3 22. Rxd8+ (22. Nxc3 Rxd1 23. Nxd1 Nd7 $11) 22... Bxd8 23.
Nxc3) 20... Rxd1 $17 21. Rxd1 Rc2 (21... g5 $5 22. Be5 Nd7 $11) 22. Rd2 Rxd2 23. Qxd2 Nd7 24. Bd6 Bf6 25. b3 Qc6 26. Bb4 Ne5 27. h4 g5 {
[%emt 0:02:54] [#] aiming for ...g4.} 28. hxg5 hxg5 {[%emt 0:
00:00] White must now prevent ...g4.} 29. Bc3 Qd7 (29... g4 $11 30. Bxe5 gxf3+ 31. Kxf3 Bxe5) 30. Qxd7 $1 $14 Nxd7 31. Bxf6 Nxf6 {[%emt 0:00:09]
Endgame KN-KN} 32. Nd4 a6 33. Nc6 Nd7 34. e5 f6 35.
exf6 Kf7 36. Kf2 Kxf6 37. Ke3 e5 {[%emt 0:04:24] [#]} 38. Ke4 ({Better is} 38. Nb4 $1 $16 ) 38... Ke6 $11 {
[%emt 0:00:25] The position is equal.} 39. Nd8+ Ke7 40. Nb7 {[%emt 0:01:53] Strongly threatening Kd5.} Ke6 41. b4 Nf6+ 42. Kd3 Nd7 43. Nd8+ ({Not} 43. Nc5+ $2 Nxc5+ 44. Ke3 (44.
bxc5 $2 Kd5 $19) 44... Kd5 $19) 43... Ke7 44. Nb7 Ke6 45. Nd8+ {[%emt 0:00:05] Weighted Error Value:
White=0.09 (flawless) /Black=0.05 (flawless)} (45. Nc5+ Nxc5+ 46. bxc5 Kd5 $19)
1/2-1/2

[Event "44th Chess Olympiad Open 2022"]
[Site "Chennai"]
[Date "2022.07.30"]
[Round "2.7"]
[White "Bok, Benjamin"]
[Black "Veiga, Jose Francisco R P "]
[Result "1/2-1/2"]
[WhiteElo "2616"]
[BlackElo "2378"]
[Annotator "RC"]
[PlyCount "58"]
[EventDate "2022.??.??"]
[TimeControl "60"]

1. Nf3 Nf6 2. c4 g6 3. Nc3 Bg7 4. e4 d6 5. d4 O-O 6. Be2 Bg4 7. Be3 Nfd7 8. Rc1 c5 9. d5 Na6 10. O-O Nc7 11. h3 Bxf3 12. Bxf3 a6 13.
a4 Rb8 14. Be2 e6 15. Qd2 exd5 16. exd5 f5 17. Rfe1 Qf6 18. Bf4 a5 19. Bf1 Rbe8 20. Bg5 Qf7 21. Rxe8 Rxe8 22. Re1 Rxe1 23. Qxe1 Bf6 24. Bd2 b6 25. g3 Be5 26. f4 Bd4+ 27. Kh2 Qe8 28. Qe4 Qe7 29. Qxe7 Ne8 1/2-1/2

[Event "44th Chess Olympiad Open 2022"]
[Site "Chennai"]
[Date "2022.07.30"]
[Round "2.7"]
[White "Sousa, Andre Ventura"]
[Black "L'Ami, Erwin"]
[Result "1/2-1/2"]
[WhiteElo "2420"]
[BlackElo "2634"]
[Annotator "TA"]
[PlyCount "93"]
[EventDate "2022.??.??"]
[TimeControl "60"]

1. d4 d5 2. Nf3 Nf6 3. Bf4 e6 4. e3 Bd6 5. Bxd6 cxd6 6. c4 {[%emt 0:01:19] D02:1 d4 d5 2 Nf3 sidelines, including 2...Nf6 3
g3 and 2...Nf6 3 Bf4.} Qb6 7. Qc2 {[%emt 0:09:20] [#]} Bd7
$146 ({Predecessor:} 7... Nc6 8. Nc3 Bd7 9. a3 dxc4 10. Bxc4
O-O 11. O-O Rac8 12. Qb3 Qxb3 13. Bxb3 Na5 {1-0 (62) Malelak,J-Radytia,A ICCF
email 2017}) 8. Nc3 Na6 9. cxd5 Nb4 10. Qd2 Nbxd5 11.
Bd3 Nxc3 12. bxc3 Bc6 13. O-O O-O 14. Qe2 Qa5 15. Rfc1 Rac8 16. Nd2 Rfe8 17. a4 Qg5 {
[%emt 0:06:05][%csl Gc6][%cal Rg5g2] [#]} 18. f4 Qh6 19. Nc4 Rcd8 20. Rf1 Be4 21. Nd2 Bxd3 22. Qxd3 d5 23. Rfb1 Re7 ({Don't take} 23... Ng4 24. h3 Nf6 25. Rxb7 $16) 24. Rb3 Qg6 (24... Rc7 $142) 25. Qxg6 $11 hxg6 26. Rab1 Rdd7 27. Kf2 Rc7 28. Ke2 Ne8 29. e4 Nd6 30. e5 Nc8 31. Kd3 Red7 32. Rb5 f6 33. Nb3 {[%emt 0:02:46] Strongly
threatening Nc5.} b6 {[%emt 0:00:47] Prevents Nc5.} 34. a5 Kf7 35. Nd2 Rc6 36. axb6 Nxb6 37. Rc5 Rdc7 38. Rxc6 Rxc6 $14 {[%emt 0:00:07] Endgame KRN-KRN} 39.
Ra1 Rc7 40. h4 {[%emt 0:02:34] Prevents g5.}
Kg8 41. Nb3 Kh7 (41... Nc4
$14 {might be stronger.}) 42. Nc5 $16 Re7 43.
g4 Kh6 44. exf6 {[%emt 0:00:00] White is
more active.} ({White should try} 44. Ke3 $16) 44... gxf6 $14 45. Re1 f5 $1 46. gxf5 (46.
Nxe6 $2 fxg4 47. Re5 g3 $19) 46... gxf5 47. Rxe6+ {[%emt 0:01:
15] Weighted Error Value: White=0.07 (flawless) /Black=0.10 (very precise)}
1/2-1/2

[Event "44th Chess Olympiad Open 2022"]
[Site "Chennai"]
[Date "2022.07.30"]
[Round "2.7"]
[White "Santos, Jose Guilherme B Li"]
[Black "Warmerdam, Max"]
[Result "0-1"]
[WhiteElo "2361"]
[BlackElo "2610"]
[Annotator "TA"]
[PlyCount "92"]
[EventDate "2022.??.??"]
[TimeControl "60"]

1. d4 Nf6 2. c4 e6 3. Nf3 d5 4. Nc3 Nbd7 5. Bf4 Bb4 6. e3 c5 7. Bd3 cxd4 8. exd4 dxc4 9. Bxc4 Nb6 10. Bd3 Nbd5 11. Bd2 O-O 12. O-O {[%emt 0:00:07] B22: Sicilian: 2
c3.} b6 13. a3 {[%emt 0:04:10] [#] Strongly threatening Nxd5.}
Be7 14. Re1 {[%emt 0:00:56] The position is equal.} Bb7 15. Ne4 Rc8 16. Ne5 {[%emt 0:
00:00] [#]} Rc7 $146 ({Predecessor:} 16... a6 17. Qf3 b5 18.
Rad1 Ba8 19. Qh3 Nxe4 20. Bxe4 f5 21. Bb1 Bg5 22. Bxg5 Qxg5 23. Nf3 Qf6 24. Qg3
Rfe8 25. Qd6 Rcd8 26. Qg3 Nb6 27. Ba2 Bd5 28. Bxd5 {½-½ (26) Adams,P (2097)
-Coates,K (2194) England 2012}) 17. Ng5 Bd6 18. Qb1 g6 19. Ne4 (19. Qd1 $11) 19... Nxe4 $17 20. Bxe4 Qa8 (20... f6 $5 21. Nf3 f5 22. Bxd5 Bxd5 $15)
21. Qd3 Nf6 22. Bxb7 Qxb7 23. Qf3 Qxf3 24. Nxf3 Nd5 25. Rac1 b5 26. Ba5 Rcc8 27. g3 {[%emt 0:00:18]
Against Nf4} Kg7 28. Kf1 b4 (28... Kf6 {with more complications.} 29. h4 h6 30. Kg2 g5) 29. axb4 Nxb4 30. Ke2 {[%emt 0:01:33] Inhibits Nd3.} Rb8 31. Bc7 Bxc7 32. Rxc7 a5 33. Kf1 Rfc8 34. Rd7 {[%emt 0:04:13] Black must now prevent Ng5.} Rd8 35. Rxd8 Rxd8 $11 {[%emt 0:00:03] Endgame KRN-KRN} 36. Ra1 Nc6 37. Ke2 (37. h4 $11 {
remains equal.}) 37... Rb8 $17 ({Of course not} 37... Nxd4+ $6
38. Nxd4 Rxd4 39. Rxa5 $11) 38. Ra2 Rb3 39.
h3 Kf6 {[%emt 0:00:30] Black is more active.} 40. g4 g5 41. Ra3 Rxb2+ 42.
Kf1 h6 ({Black should play} 42... Rb5 $19 43.
Rc3 Ne7) 43. Rc3 (43. Ne5 $17 {was worth a try.} Nxd4 44. Rxa5
) 43... Rb6 $19 44. Rc4 Ke7 45. h4 (45. Nd2 $142) 45... gxh4 46. Nxh4 Kd6 {[%emt 0:00:00] Weighted Error Value: White=0.21 (precise)
/Black=0.06 (flawless)} 0-1

[Event "44th Chess Olympiad Open 2022"]
[Site "Chennai"]
[Date "2022.07.30"]
[Round "2.8"]
[White "Kuzubov, Yuriy"]
[Black "Ashiku, Franc"]
[Result "1-0"]
[WhiteElo "2642"]
[BlackElo "2422"]
[Annotator "TA"]
[PlyCount "111"]
[EventDate "2022.??.??"]
[TimeControl "60"]

1. d4 Nf6 2. Nf3 g6 3. Nbd2 d5 4. e3 Bg7 5. b4 O-O 6. Bb2 {[%emt 0:00:06] D02:1 d4 d5
2 Nf3 sidelines, including 2...Nf6 3 g3 and 2...Nf6 3 Bf4.} Bf5 7. Be2 Ne4 8. O-O {[%emt 0:01:32] [#]
White is slightly better.} Qd6 $146 ({Predecessor:} 8... Nxd2
9. Nxd2 e5 10. dxe5 Nc6 11. c4 Nxe5 12. Qb3 dxc4 13. Nxc4 Be6 14. b5 Nxc4 15.
Bxg7 Kxg7 16. Bxc4 Bxc4 17. Qxc4 {½-½ (62) Khairullin,I (2625)-Kokarev,D 
(2624) Khanty-Mansiysk 2014}) 9. a3 Nd7 10.
c4 c6 11. Nb3 g5 12. Rc1 Rac8 (12... dxc4 $14 13. Bxc4
Qg6) 13. Nc5 $1 $16 b6 14. Nxe4 dxe4 15. Nxg5 Qh6 16.
f4 {[%emt 0:01:19] aiming for g4.} exf3 17. Nxf3 Qxe3+ 18. Kh1 Bg6 19. Re1 (19. Rc3 $16 Qe6 20. Ng5) 19... Nf6 20. Bf1 Qf4 (20... Qf2 $2 21. Re2 Ne4
22. Qa4 Ng3+ 23. hxg3 $18) 21. g3 Qd6 22. Bg2 Ng4 {[%emt 0:01:16] And now ...Nf2+ would win.} 23. Qe2 {
[%emt 0:08:43] Inhibits Nf2+.} e6 24. c5 $36 {
[%emt 0:08:41] Keeping Black busy.} bxc5 (24... Qd8 $142) 25.
dxc5 Qd3 26. Bxg7 $1 Qxe2 27. Rxe2 Kxg7 28. Nd4 Bd3 29. Rd2 e5 30. h3 exd4 31.
hxg4 Bb5 32. Rxd4 Rfe8 33. Ra1 Ba4 34. Rd7 a5 35. Ra7 {[%emt 0:02:11] White is more active.} (35.
Rf1 $5 Bb3 36. bxa5 $16) 35... Ra8 $1 36. Rxa8 Rxa8 $14 {[%emt 0:00:06] Endgame KRB-KRB} 37. Rf1 axb4 38. axb4 {[%emt 0:00:03] Ra1 is the strong threat.}
Bb5 39. Rf4 Ra2 40. g5 Rb2 41. Kg1 Kg6 42. Be4+ Kxg5 43. Bxh7 f6 44. Bf5 Ba6 45. Bd7 Bb5 46. Rg4+ Kh5 47. Rg8 Kh6 48. Bf5 Rxb4 49. Rg6+ Kh5 50. Kf2 {
[%emt 0:00:00] Strongly threatening g4+.} Rc4 {[%emt 0:00:22] This move loses
the game for Black.} (50... Rb2+ $11 51. Ke3 (51. Kg1 Re2 $11) 51... Rb3+ 52.
Kd2 Rb2+ 53. Kc3 Ra2) 51. g4+ {[%emt 0:00:00][%cal Yg3g4,Yg4g5,Yg5f6] White
mates.} Kh4 {[%emt 0:00:04] [#]} 52. Kf3 $1 Rc3+ {[%emt 0:03:
07] [#]} 53. Kf4 $1 Kh3 54. g5+ Kh2 55. gxf6 Bc4 56. Be4 {[%emt 0:00:00] Weighted Error Value: White=0.07 (flawless) /
Black=0.20 (precise)} 1-0

[Event "44th Chess Olympiad Open 2022"]
[Site "Chennai"]
[Date "2022.07.30"]
[Round "2.8"]
[White "Onyshchuk, Volodymyr"]
[Black "Veleshnja, Zino"]
[Result "1-0"]
[WhiteElo "2612"]
[BlackElo "2263"]
[Annotator "TA"]
[PlyCount "57"]
[EventDate "2022.??.??"]
[TimeControl "60"]

1. e4 e6 2. d4 d5 3. Nc3 Nf6 4. Bg5 dxe4 5. Nxe4 Be7 6. Bxf6 gxf6 7.
Qd2 a6 {[%emt 0:08:59] C13: French: Classical System: 4 Bg5
Be7, Alekhine-Chatard Attack.} 8. O-O-O f5 9.
Ng3 c5 {[%emt 0:05:32] The position is equal.} 10. Nf3 cxd4 {[%emt 0:05:04] [#]} 11. Bc4 $146 (11.
Qxd4 Qxd4 12. Nxd4 Bd7 $15) ({White should try} 11. Nxd4 Rg8 12. Qc3) ({
Predecessor:} 11. Nxd4 Nc6 12. Qc3 Bf6 13. Bb5 Bd7 14. Bxc6 Bxc6 15. Nh5 Rc8
16. Rhe1 Bxd4 17. Rxd4 Qg5+ 18. Rd2 Ke7 19. Qc5+ Ke8 20. Qe5 Ke7 21. Qd6+ Ke8 {
1-0 (21) Hovhannisyan,R (2632)-Cabarkapa,N (2478) Belgrade 2021}) 11... b5 12. Bb3 Bb7 13. Ne5 Bd5 (13... Bxg2 14. Rhg1 Nc6 15. Nxf7 Kxf7
16. Rxg2 $18) (13... Nc6 $11 14. Nxf7 Kxf7) 14. Rhe1 $1 $16 {[%emt 0:00:00]
[%cal Yg3f5] Threatens to win with Nxf5! White now steadily converts the win.}
(14. Qxd4 $6 Bxb3 15. Qxd8+ (15. axb3 Qxd4 16. Rxd4 Bf6 $17) 15... Bxd8 $11)
14... Bxb3 (14... Bxg2 $2 15. Nxf5 $1 O-O 16. Nxe7+ Qxe7 17.
Rg1 $18) 15. axb3 Rg8 16. Qe2 $1 {[%emt 0:00:
00][%cal Ye5f7] Nxf7! is the strong threat. White has strong compensation.
White is more active.} (16. Qxd4 Qxd4 17. Rxd4 Bf6 $15) 16... Ra7 17. Kb1 Qd5 (17... Qc8 $142 18. Qh5 (18.
Rxd4 Rg7 $16) 18... Rf8) 18. Qh5 $18 Bf6 19. c4 $1 (19. Qxh7 Rh8 20. Nh5 Bxe5 $17)
19... bxc4 (19... Qxg2 $2 20. cxb5 Rxg3 21. hxg3 $18) 20. bxc4 Qc5 {[%emt 0:01:45] [#]} (20... Qxg2 $2 21. Nxf7 $1 Kd7 22.
Nh6 $18 (22. Qxh7 Rg7 $18) (22. Rxe6 Kxe6 23. Re1+ Kd7 $18)) 21. Nd3 ({But not} 21. Nxf7 Rxf7 22. Rxe6+ Kf8 $18) 21... Qxc4 22. Qxf5 Rg5 $2 (22... Rg6) 23. Qxf6 {
[%emt 0:01:29] White is clearly winning.} Ra5 24. Qh8+ Ke7 25. Qxb8 Qa2+ 26. Kc1 Rd7 27. Qb4+ Ke8 28. Ne4 {[%emt 0:00:52] Intending Nf6+ and mate.} Rc7+ 29. Kd2 {[%emt 0:00:06] Weighted Error Value: White=0.09 
(flawless) /Black=0.37} 1-0

[Event "44th Chess Olympiad Open 2022"]
[Site "Chennai"]
[Date "2022.07.30"]
[Round "2.8"]
[White "Pasko, Llambi"]
[Black "Korobov, Anton"]
[Result "0-1"]
[WhiteElo "2418"]
[BlackElo "2692"]
[Annotator "TA"]
[PlyCount "68"]
[EventDate "2022.??.??"]
[TimeControl "60"]

1. d4 d5 2. c4 e6 3. Nc3 c6 4. e4 Bb4 5. e5 Ne7 6. a3 {[%emt 0:04:22] D31: Queen's Gambit
Declined: Semi-Slav without ...Nf6 (+ Marshall Gambit and Noteboom) and
Exchange Variation lines without ...Nf6.} Bxc3+ 7. bxc3 c5 8. Nf3 {[%emt 0:06:34] The position is
equal.} cxd4 9. cxd4 b6 {[%emt 0:00:13][%cal
Yb7b6,Yb6b5] [#]} 10. a4 $146 (10. Bg5 {looks sharper.} Bb7
11. Rc1 O-O 12. c5) ({Predecessor:} 10. Bg5 Nbc6 11. Rc1 h6 12. cxd5 Qxd5 13.
Bc4 Qd7 14. Be3 Bb7 15. O-O O-O 16. Nh4 {½-½ (26) Greenfeld,A (2530)-Ivanov,
S (2570) Beersheba 1998}) 10... Ba6 11. cxd5 Bxf1 $1 12. Kxf1 {[%emt 0:13:41] [#] aiming for d6.} Qxd5 13. a5 b5 14. Bg5 Nbc6 15. Rc1 O-O 16.
Rc5 Qa2 17. Qd2 Qb1+ 18. Rc1 Qf5 {[%emt 0:05:35] Black is more
active.} 19. Ke2 Rfc8 20. Bxe7 Nxe7 21. Rxc8+ $2 {[%emt 0:00:05] Now White is beyond
hope.} (21. Qd3 $15) 21... Rxc8 $19 22. Rc1 {[%emt 0:00:01]
Inhibits Rc2.} Qe4+ 23. Kf1 (23. Kd1 $142)
23... Rxc1+ 24. Qxc1 {[%emt 0:00:14] [#] Endgame And now Qc7
would win. KQN-KQN} h6 25. Qe3 $2 (25. Kg1 {
keeps fighting.}) 25... Qb1+ 26. Ne1 Nd5 27. Qd3 Qb4 28.
a6 Qa4 {[%emt 0:03:43] Black is clearly winning.} 29. g3 Qxa6 30. Qc2 b4+ 31. Nd3 Qa1+ 32. Kg2 Qxd4 33. Qc8+ Kh7 34. Nc5 Qc4 {[%emt 0:01:02] Weighted Error Value: White=0.66/Black=0.
06 (flawless)} 0-1

[Event "44th Chess Olympiad Open 2022"]
[Site "Chennai"]
[Date "2022.07.30"]
[Round "2.8"]
[White "Mehmeti, Dritan"]
[Black "Shevchenko, Kirill"]
[Result "0-1"]
[WhiteElo "2371"]
[BlackElo "2654"]
[Annotator "TA"]
[PlyCount "50"]
[EventDate "2022.??.??"]
[TimeControl "60"]

1. d4 Nf6 2. Nf3 c5 3. d5 b5 4. c4 b4 5. Nbd2 d6 6. e4 g6 7. Be2 {[%emt 0:02:40] A57: Benko/ Volga
Gambit.} Bg7 8. O-O Nbd7 {[%emt 0:00:00]
Against e5} 9. Re1 {[%emt 0:05:03] The position is equal.} O-O 10. Qc2 a5 11. Nf1 a4 {[%emt 0:01:55] [#]} 12. Bg5 $146 ({
Predecessor:} 12. Rb1 Ng4 13. Ng3 Nb6 14. h3 Ne5 15. Bf4 Nbd7 16. Nxe5 Nxe5 17.
Be3 Nd7 18. Bg5 {0-1 (70) Casey,G (1651)-O'Donoghue,D Ireland 2014}) 12... h6 13. Bh4 Nh5 14. Rab1 g5 15. Bg3 Qb6 (15... Nxg3 $11 16. hxg3 a3) 16. Qd2 (16. h4 $14) 16...
a3 $11 17. b3 Bc3 18. Qe3 Ndf6 19. h3 {[%emt 0:00:00]
Against Ng4} Re8 $36 {[%emt 0:03:59] Black is pushing.} (19... Bxe1 20. Rxe1
Nh7 21. Bd3 $15) 20. e5 Bf5 21. Nxg5 $2 (21. exf6 $2 exf6 22. Be5 Bxe5 23. Nxe5 Rxe5 $19) (21. Rbd1 $11
) 21... hxg5 $17 (21... Bxb1 22. Rxb1 Bd4 23. Qd3 dxe5 24.
Bxh5 hxg5 25. Bf3 $17) 22. Qxg5+ (22. Rbc1 $17 {is a better
defense.}) 22... Ng7 $19 ({And not} 22... Bg6 23. exf6 exf6
24. Qh6 $11) 23. Ne3 {[%emt 0:03:12] [#]} ({Wrong is} 23. exf6 $2 exf6 24. Qc1
Bxe1 $19) 23... Ne4 $1 ({Inferior is} 23... Bxb1 24. Rxb1 Nh7
25. Qh6 $17) 24. Qxg7+ (24. Qh6) 24... Kxg7 25. Nxf5+ Kh8 {[%emt 0:00:44] Weighted Error Value: White=0.
59/Black=0.06 (flawless)} 0-1